 Dungeon Crawl Stone Soup version 0.28-a0-1520-gc3277d3759 (webtiles) character file.

Game seed: 8214722887377635592

142 funkygono the Firebug (level 5, -4/35 HPs)
             Began as a Human Fire Elementalist on Jan 17, 2022.
             Blown up by Ijyb (21 damage)
             ... with a mindburst bolt
             ... on level 4 of the Dungeon.
             The game lasted 00:04:36 (3511 turns).

funkygono the Firebug (Human Fire Elementalist)     Turns: 3511, Time: 00:04:37

Health: -4/35      AC:  4    Str: 15    XL:     5   Next: 50%
Magic:  1/10       EV: 12    Int: 17    God:
Gold:   160        SH:  0    Dex: 19    Spells: 7/10 levels left

rFire   . . .      SeeInvis .   u - +2 flail (protect)
rCold   . . .      Faith    .   (no shield)
rNeg    . . .      Spirit   .   a - +1 robe
rPois   .          Reflect  .   (no helmet)
rElec   .          Harm     .   h - +0 cloak
rCorr   .          Rampage  .   (no gloves)
Will    .....                   (no boots)
Stlth   ++........              (no amulet)
HPRegen 0.11/turn               s - +6 ring of dexterity
MPRegen 0.12/turn               t - +6 ring of strength

@: no status effects
A: no striking features
a: no special abilities


You were on level 4 of the Dungeon.
You visited 1 branch of the dungeon, and saw 4 of its levels.

You collected 160 gold pieces.

Inventory:

Hand Weapons
 d - a +0 dagger
 f - a +2 quarterstaff of chaos
 u - a +2 flail of protection (weapon)
Missiles
 c - 65 stones
Armour
 a - a +1 robe (worn)
 g - a +0 ring mail
 h - a +0 cloak (worn)
 n - a +0 kite shield
 q - a +0 leather armour
Magical Staves
 l - a staff of earth
Jewellery
 s - a +6 ring of dexterity (left hand)
 t - a +6 ring of strength (right hand)
Potions
 b - a potion of magic {unknown}
 e - a potion of might
 j - a potion of brilliance
 k - a potion of mutation {unknown}
 m - a potion of lignification {unknown}
 r - a potion of degeneration {unknown}


   Skills:
 + Level 2.0 Dodging
 - Level 2.0 Stealth
 * Level 3.4 Spellcasting
 * Level 2.3 Conjurations
 * Level 4.2 Fire Magic


You had 7 spell levels left.
You knew the following spells:

 Your Spells              Type           Power      Damage    Failure   Level
a - Foxfire               Conj/Fire      56%        2x1d6     4%          1
b - Scorch                Fire           34%        2d6       4%          2

Your spell library contained the following spells:

 Spells                   Type           Power      Damage    Failure   Level
 Conjure Flame            Conj/Fire      14%        6-21      13%         3
 Inner Flame              Hex/Fire       10%        N/A       22%         3
 Stone Arrow              Conj/Erth      12%        3d7       30%         3
 Flame Wave               Conj/Fire      14%        2d5       41%         4
 Animate Armour           Summ/Erth      4%         N/A       86%         4
 Lehudib's Crystal Spear  Conj/Erth      3%         10d2      100%        8


Dungeon Overview and Level Annotations

Branches:
Dungeon (4/15)
 Temple: D:4-7

Altars:
Hepliaklqana

Annotations:
D:4 Ijyb


Message History

Ijyb is heavily wounded.
You hit Ijyb.
Your weapon exudes an aura of protection.
Ijyb is severely wounded.
Ijyb barely misses you.
You closely miss Ijyb.
Ijyb is severely wounded.
Ijyb is no longer more vulnerable to fire.
Ijyb hits you but does no damage.
You hit Ijyb.
Ijyb is severely wounded.
Ijyb hits you but does no damage.
Ijyb drinks a potion.
Ijyb is healed!
You hit Ijyb.
Ijyb is heavily wounded.
Ijyb screams, "Get away!"
Ijyb misses you.
You barely miss Ijyb.
Ijyb is heavily wounded.
Ijyb zaps a wand.
Your mind is blasted!
You hit Ijyb.
Ijyb is severely wounded.
Ijyb hits you but does no damage. x2
You hit Ijyb. You punch Ijyb, but do no damage.
Ijyb is almost dead.
Ijyb closely misses you.
Casting: Scorch (safe; 4% risk of failure)
Confirm with . or Enter, or press ? or * to list all spells.
You conjure some foxfire!
Ijyb hits you but does no damage.
You barely miss Ijyb.
Ijyb is almost dead.
The foxfire hits Ijyb but does no damage.
Ijyb is almost dead.
The foxfire hits Ijyb.
Ijyb is almost dead.
Ijyb hits you with a +0 club. Ijyb barely misses you.
You barely miss Ijyb. Your punch misses Ijyb.
Ijyb is almost dead.
Ijyb zaps a wand.
Your mind is blasted!
Ouch! That really hurt!
You die...

###########
....?.....
.........#######
......§.<.......
......§@g#######
..........=.....
................
................
................
..####.#......#.
. #.#.....##
#.#....##


You could see Ijyb.

Vanquished Creatures
  Crazy Yiuf (D:3)
  5 adders
  A worm (D:3)
  2 dart slugs
  5 orcs
  7 ball pythons
  3 endoplasms
  4 giant cockroaches
  4 goblins
  4 hobgoblins
  8 jackals
  4 kobolds
  A bat (D:3)
  3 frilled lizards (D:1)
  A jackal skeleton (D:4)
  3 rats
56 creatures vanquished.

Vanquished Creatures (others)
  161 foxfires
  2 fungi (D:3)
163 creatures vanquished.

Grand Total: 219 creatures vanquished

Notes
Turn   | Place    | Note
-------+----------+-------------------------------------------
     0 | D:1      | funkygono the Human Fire Elementalist began the quest for
                  | the Orb.
     0 | D:1      | Reached XP level 1. HP: 13/13 MP: 3/3
   205 | D:1      | Reached XP level 2. HP: 6/19 MP: 0/5
   208 | D:1      | Learned a level 2 spell: Scorch
   913 | D:1      | Reached XP level 3. HP: 24/24 MP: 4/6
  1120 | D:1      | Found a faded altar of an unknown god.
  1691 | D:2      | Found a hazy altar of Hepliaklqana.
  1726 | D:2      | Reached XP level 4. HP: 30/30 MP: 5/8
  2692 | D:3      | Found a runed translucent door.
  2693 | D:3      | Noticed Crazy Yiuf
  2758 | D:3      | Reached XP level 5. HP: 29/35 MP: 1/9
  2769 | D:3      | Reached skill level 4 in Fire Magic
  3383 | D:3      | Killed Crazy Yiuf
  3494 | D:4      | Noticed Ijyb
  3511 | D:4      | Blown up by Ijyb

Illustrated notes

Levels and vault maps discovered:
D:1:      zaba_arrival_water, layout_loops_ring,
          shapermc_ecumenical_altar_notcrosses, nrook_loot_triangle
D:2:      layout_loops_cross, basic_altar
D:3:      layout_loops_ring, corner_web_ring, st_stairs_14,
          kennysheep_generic_room_2, uniq_crazy_yiuf_cottage
D:4:      minmay_bubble_buster, layout_basic, kennysheep_mini_moat,
          minmay_temple_entry_wispy, enter_ossuary_3, minmay_shop_mayhem,
          uniq_ijyb

Skill      XL: |  1  2  3  4  5 |
---------------+----------------+-----
Spellcasting   | 3 |  3.4
Conjurations   | 2 |  2.3
Fire Magic     | 4 |  4.2
Dodging        | |  2.0
Stealth        | |  2.0

Action                   |  1- 3 |  4- 6 || total
-------------------------+-------+-------++-------
Melee: Dagger            |       |     7 ||     7
       Flail             |       |    11 ||    11
       Punch             |       |     1 ||     1
 Cast: Foxfire           |    32 |    61 ||    93
       Scorch            |     7 |    10 ||    17
  Use: Scroll            |       |     8 ||     8
Armor: Robe              |     1 |     7 ||     8
Dodge: Dodged            |    18 |    11 ||    29

Table legend: (Time is in decaauts)
 A = Elapsed time spent in this place.
 B = Non-inter-level travel time spent in this place.
 C = Inter-level travel time spent in this place.
 D = Time resting spent in this place.
 E = Time spent auto-exploring this place.
 F = Levels seen in this place.
 G = Mean time per level.
                   A        B        C        D        E       F      G
               +--------+--------+--------+--------+--------+-----+--------+
         Total |   3527 |   3435 |     92 |      0 |   2945 |   4 |  881.8 |
       Dungeon |   3527 |   3435 |     92 |      0 |   2945 |   4 |  881.8 |
               +--------+--------+--------+--------+--------+-----+--------+

Top non-repeatable levels by time:
     D:1: 1304 daAuts
     D:3: 1287 daAuts
     D:2: 911 daAuts
     D:4: 24 daAuts
